 Dungeon Crawl Stone Soup version 0.23.2-33-g5129a83184 (webtiles) character file.

Game seed: 4461002001302315834

1199 Ejeck the Basher (level 8, -1/64 HPs)
             Began as a Minotaur Berserker on Aug 11, 2019.
             Was an Elder of Trog.
             Slain by an orc wizard
             ... wielding a +0 dagger
              (4 damage)
             ... on level 6 of the Dungeon.
             The game lasted 00:17:18 (5568 turns).

Ejeck the Basher (Minotaur Berserker)               Turns: 5568, Time: 00:17:21

Health: -1/64      AC: 14    Str: 21    XL:     8   Next: 20%
Magic:  7/7        EV:  6    Int:  4    God:    Trog [****..]
Gold:   380        SH:  0    Dex: 13    Spells: 7/7 levels left

rFire    . . .     SeeInvis .   a - +0 mace
rCold    . . .     Gourm    .   (no shield)
rNeg     . . .     Faith    .   v - +0 plate armour
rPois    +         Spirit   .   (helmet restricted)
rElec    .         Reflect  .   q - +1 cloak
rCorr    .         Harm     .   b - +0 pair of gloves
MR       .....                  (no boots)
Stlth    ..........             (no amulet)
HPRegen  0.20/turn              u - ring of poison resistance
MPRegen  0.10/turn              (no ring)

@: berserk cooldown, slowed, drained, very slow
A: retaliatory headbutt, horns 2
a: Berserk, Trog's Hand, Brothers in Arms, Renounce Religion


You were on level 6 of the Dungeon.
You worshipped Trog.
Trog was greatly pleased with you.
You were not hungry.

You visited 1 branch of the dungeon, and saw 6 of its levels.

You collected 380 gold pieces.

Inventory:

Hand Weapons
 a - a +0 mace (weapon)
Armour
 b - a +0 pair of gloves (worn)
 q - a +1 cloak (worn)
 v - a +0 plate armour (worn)
Jewellery
 u - a ring of poison resistance (left hand)
 w - an uncursed ring of positive energy
Wands
 l - a wand of random effects (13)
 x - a wand of flame (14)
Scrolls
 d - a scroll of magic mapping
 f - a scroll of immolation {unknown}
 g - 3 scrolls of teleportation {unknown}
 h - a scroll of enchant armour
 i - a scroll of amnesia {unknown}
 j - 5 scrolls of identify
 o - 2 scrolls of noise {unknown}
 p - 4 scrolls of fog
 s - a scroll of blinking {unknown}
 t - 2 scrolls of remove curse {unknown}
 y - a scroll of random uselessness {unknown}
Potions
 e - a potion of brilliance {unknown}
 k - 2 potions of cancellation {unknown}
 m - a potion of curing {unknown}
 n - a potion of heal wounds {unknown}
 r - a potion of might {unknown}
 z - a potion of magic {unknown}
 A - a potion of resistance {unknown}
 B - a potion of berserk rage
Comestibles
 c - 5 rations


   Skills:
 - Level 3.6(3.0) Fighting
 * Level 11.6(10.9) Maces & Flails
 + Level 3.2(2.6) Armour
 - Level 2.1(1.6) Dodging
 + Level 1.2(0.7) Evocations


You had 7 spell levels left.
You didn't know any spells.
Your spell library was empty.

Dungeon Overview and Level Annotations

Branches:
Dungeon (6/15)             Temple (0/1) D:6

Altars:
Okawaru
Trog
Yredelemnul


Innate Abilities, Weirdness & Mutations

You reflexively headbutt those who attack you in melee.
You have a pair of horns on your head.


Message History

The wight hits you from afar with a cursed +3 halberd!
* * * LOW HITPOINT WARNING * * *
As you read the scroll labeled RYAZE TUICLI, it crumbles to dust.
The scroll dissolves into smoke.
It was a scroll of fog.
The orc wizard hits you but does no damage.
The orc barely misses you. The wight hits you but does no damage.
Unknown command.
You sock the orc wizard!
You headbutt the orc wizard, but do no damage.
The orc wizard is severely wounded.
The orc wizard barely misses you. You furiously retaliate!
You headbutt the orc wizard, but do no damage.
The orc hits you but does no damage.
The wight hits you from afar with a cursed +3 halberd.
* * * LOW HITPOINT WARNING * * *
You feel drained.
* * * LOW HITPOINT WARNING * * *
The orc hits you but does no damage.
The orc wizard hits you with a +0 dagger.
You die...

###.##......# .. ..#
#.#######.# ... ..# #.# #.#
.8.# ..##.# #.# ...# ....#
#.# #..##..#.######.#
#....###.......##
...##...z#o#####.#.######.#
.>)...8.zzo@ยงยง..###........
...##....#######.#.########
#.....# ##.## #..##..# #.#
...# ...# #.# .8.# ....# #..
... .%..## #### .. ....##


You could see a wight, an orc wizard and an orc.

Vanquished Creatures
  A phantom (D:4)
  An orc warrior (D:6)
  2 centaurs (D:5)
  2 ogres (D:5)
  2 scorpions (D:4)
  2 wights (D:6)
  2 hounds (D:5)
  2 orc priests (D:3)
  A centaur skeleton (D:4)
  3 iguanas
  Ijyb (D:4)
  An orc wizard (D:6)
  A worker ant (D:6)
  An adder (D:2)
  3 gnolls (D:2)
  An adder skeleton (D:5)
  An adder zombie (D:6)
  2 worms
  6 dart slugs
  6 leopard geckos
  17 orcs
  3 ball pythons
  4 giant cockroaches
  7 goblins
  8 hobgoblins
  23 jackals
  13 kobolds
  5 quokkas
  10 bats
  5 frilled lizards
  2 quokka skeletons
  7 rats
145 creatures vanquished.

Vanquished Creatures (others)
  A plant (D:3)
1 creature vanquished.

Grand Total: 146 creatures vanquished

Notes
Turn   | Place    | Note
-------+----------+-------------------------------------------
     0 | D:1      | Ejeck the Minotaur Berserker began the quest for the Orb.
     0 | D:1      | Reached XP level 1. HP: 19/19 MP: 0/0
    44 | D:1      | Reached skill level 4 in Maces & Flails
    69 | D:1      | Reached XP level 2. HP: 23/26 MP: 1/1
   445 | D:1      | Reached skill level 5 in Maces & Flails
   487 | D:1      | Reached XP level 3. HP: 30/31 MP: 2/2
   520 | D:1      | Reached ** piety under Trog
  1369 | D:2      | Reached skill level 6 in Maces & Flails
  1369 | D:2      | Reached XP level 4. HP: 39/39 MP: 3/3
  2334 | D:3      | Reached *** piety under Trog
  2449 | D:3      | Reached XP level 5. HP: 20/45 MP: 4/4
  2460 | D:3      | Reached skill level 7 in Maces & Flails
  3398 | D:4      | Reached **** piety under Trog
  3398 | D:4      | Reached skill level 8 in Maces & Flails
  3398 | D:4      | Reached XP level 6. HP: 20/51 MP: 5/5
  3914 | D:4      | Noticed Ijyb
  3923 | D:4      | Killed Ijyb
  4160 | D:4      | Reached skill level 9 in Maces & Flails
  4412 | D:5      | Entered Level 5 of the Dungeon
  4423 | D:5      | Reached XP level 7. HP: 46/57 MP: 6/6
  4498 | D:5      | Reached skill level 10 in Maces & Flails
  4641 | D:5      | Reached skill level 11 in Maces & Flails
  5272 | D:5      | Found a bloodstained altar of Trog.
  5273 | D:5      | Found an iron altar of Okawaru.
  5448 | D:6      | Found a basalt altar of Yredelemnul.
  5481 | D:6      | Reached XP level 8. HP: 57/64 MP: 7/7
  5527 | D:6      | Found a staircase to the Ecumenical Temple.
  5557 | D:6      | Reached skill level 1 in Evocations
  5568 | D:6      | HP: 3/64 [wight/cursed +3 halberd (1)]
  5568 | D:6      | Slain by an orc wizard

Skill      XL: |  1  2  3  4  5  6  7  8 |
---------------+-------------------------+-----
Maces & Flails | 4 5 6 8 9 11 | 11.6
Armour         | 3 |  3.2
Evocations     | 1 |  1.2
Fighting       | |  3.6
Dodging        | |  2.1

Action                   |  1- 3 |  4- 6 |  7- 9 || total
-------------------------+-------+-------+-------++-------
Melee: Mace              |   102 |   196 |   115 ||   413
       Headbutt          |    10 |    40 |    26 ||    76
Invok: Berserk           |       |     1 |     1 ||     2
  Use: Scroll            |       |     5 |     1 ||     6
 Stab: Sleeping          |       |     1 |       ||     1
  Eat: Ration            |     1 |     2 |     2 ||     5
       Chunk             |       |     1 |       ||     1
Armor: Animal skin       |    24 |     5 |       ||    29
       Ring mail         |       |    53 |    11 ||    64
       Plate armour      |       |       |    43 ||    43
Dodge: Dodged            |    60 |   104 |    37 ||   201
